 Dungeon Crawl Stone Soup version 0.26-b1-32-g5d43845318 (webtiles) character file.

Game seed: 7793938663262544016

21 raceaflais the Sneak (level 3, 0/23 HPs)
             Began as a Kobold Delver on Jan 5, 2021.
             Succumbed to an adder's poison
             ... on level 3 of the Dungeon.
             The game lasted 00:04:10 (559 turns).

raceaflais the Sneak (Kobold Delver)                 Turns: 559, Time: 00:04:11

Health: 0/23       AC:  3    Str: 10    XL:     3   Next: 5%
Magic:  1/3        EV: 15    Int: 11    God:
Gold:   0          SH:  0    Dex: 22    Spells: 2/2 levels left

rFire    . . .     SeeInvis .   j - +0 dagger "Mulunun" {flame, Dex+6} (curse)
rCold    . . .     Faith    .   (shield restricted)
rNeg     . . .     Spirit   +   b - +0 leather armour
rPois    .         Reflect  .   (no helmet)
rElec    .         Harm     .   (no cloak)
rCorr    .         Rampage  .   (no gloves)
Will     .....                  (no boots)
Stlth    +++++.....             h - amulet of guardian spirit
HPRegen  0.07/turn              (no ring)
MPRegen  0.08/turn              (no ring)

@: lethally poisoned (0 -> -4)
A: small, nightstalker 3
a: no special abilities


You were on level 3 of the Dungeon.
You visited 1 branch of the dungeon, and saw 4 of its levels.

Inventory:

Hand Weapons
 a - a +0 short sword
 d - a +1 vorpal broad axe
 j - the cursed +0 dagger "Mulunun" (weapon) {flame, Dex+6}
   (You found it on level 5 of the Dungeon)

   It has been specially enchanted to burn those struck by it, causing extra
   injury to most foes and up to half again as much damage against particularly
   susceptible opponents.
   It affects your dexterity (+6).
   It has a curse placed upon it.
Missiles
 k - 26 bolts
 l - 3 curare-tipped darts (quivered)
Armour
 b - a +0 leather armour (worn)
Jewellery
 h - an amulet of guardian spirit (around neck)
Wands
 g - a wand of digging (3)


   Skills:
 + Level 3.3 Fighting
 + Level 3.2 Short Blades
 + Level 2.4 Dodging
 + Level 7.3 Stealth


You had 2 spell levels left.
You didn't know any spells.
Your spell library contained the following spells:

 Spells                   Type           Power        Failure   Level
 Beastly Appendage        Tmut           0%           43%         1
 Wereblood                Tmut           0%           58%         2
 Spider Form              Tmut/Pois      0%           82%         3
 Ice Form                 Ice/Tmut       0%           99%         4
 Blade Hands              Tmut           0%           100%        5


Dungeon Overview and Level Annotations

Branches:
Dungeon (5/15)
 Temple: D:4-7

Altars:


Innate Abilities, Weirdness & Mutations

You are small and have problems with some larger weapons.
You are completely attuned to the shadows.


Message History

You hit the adder. You burn the adder.
The adder is severely wounded.
The adder bites you but does no damage.
* * * LOW HITPOINT WARNING * * *
You feel sick. The adder bites you.
* * * LOW HITPOINT WARNING * * *
There is a stone staircase leading up here.
The adder closely misses you. The adder bites you but does no damage.
You climb upwards.
A frilled lizard and a hobgoblin come into view.
Found a scroll of magic mapping.
There is a stone staircase leading down here.
* * * LOW HITPOINT WARNING * * *
You feel sick. The adder misses you.
The hobgoblin shouts!
You climb downwards.
There is a stone staircase leading up here.
As you read the scroll of fear, it crumbles to dust.
You assume a fearsome visage.
The adder looks frightened!
You die...

##.#########.......#
####)..### #..#.##.#
#........* #..#)##.#*
#.##...#.# #..#.#...,
#.*##.##.# #.......#* #r*
#.##.#**#*#.##.....,
**#.###[##.#,.(,.........,
**,,.....##<#.#**#.##...##*
*,,,.....S@...#**#*,....#
*,,*.######.$...,,,...#.#
*,,*,*****#.####**#.....#
*,,*,,,,,,..),,,* ***,***
**,,****,**#.##*,*
**,*,**** *,,,* *,* *,* *,*
*,***,,,, *,*,****,***,*
*>* **,*,****
*,,,,,,,,,,,,* *,* **,**
*,*,****,***** *,* ***


You could see an adder (fleeing).

Vanquished Creatures
  A worm (D:4)
  A leopard gecko (D:3)
  A ball python (D:4)
  A giant cockroach (D:3)
  A goblin (D:3)
  4 jackals (D:3)
  3 kobolds (D:3)
  3 rats (D:3)
15 creatures vanquished.

Notes
Turn   | Place    | Note
-------+----------+-------------------------------------------
     0 | D:5      | raceaflais the Kobold Delver began the quest for the Orb.
     0 | D:5      | Reached XP level 1. HP: 14/14 MP: 1/1
    45 | D:5      | Got an ichor-stained dagger
    55 | D:5      | Identified the cursed +0 dagger "Mulunun" {flame, Dex+6}
                  | (You found it on level 5 of the Dungeon)
   182 | D:4      | Noticed a worker ant
   269 | D:3      | Reached skill level 7 in Stealth
   269 | D:3      | Reached XP level 2. HP: 19/19 MP: 2/2
   450 | D:3      | Reached XP level 3. HP: 11/23 MP: 3/3
   556 | D:2      | HP: 1/23 [poisoned by an adder]
   559 | D:3      | Succumbed to an adder's poison

Illustrated notes

Levels and vault maps discovered:
D:2:      layout_basic
D:3:      layout_loops_ring, lemuel_round_altar
D:4:      layout_loops_cross, minmay_temple_entry_antechambers,
          sigmund_edmund_badplayer
D:5:      layout_gridville

Skill      XL: |  1  2 |
---------------+-------+-----
Stealth        | 7 |  7.3
Short Blades   | 3 |  3.2
Fighting       | |  3.3
Dodging        | |  2.4

Action                   || total
-------------------------++-------
Melee: Dagger            ||    69
  Use: Scroll            ||     6
       Potion            ||     2
 Stab: Sleeping          ||     7
Armor: Leather armour    ||    15
Dodge: Dodged            ||    47
